 Dungeon Crawl Stone Soup version 0.29-a0-320-g9f8742066b (webtiles) character file.

Game seed: 10676711123304964937

9948 sokol815 the Cleaver (level 11, 0/77 HPs)
             Began as a Gnoll Wanderer on Apr 2, 2022.
             Was a High Priest of Hepliaklqana.
             Succumbed to a cane toad's poison
             ... on level 1 of the Lair of Beasts.
             The game lasted 00:24:26 (7506 turns).

sokol815 the Cleaver (Gnoll Wanderer)               Turns: 7506, Time: 00:24:27

Health: 0/77       AC: 14    Str:  9    XL:     11   Next: 54%
Magic:  30/30      EV: 15    Int: 15    God:    Hepliaklqana [*****.]
Gold:   87         SH: 10    Dex: 14    Spells: 23/24 levels left

rFire   + + +      SeeInvis .   b - +4 dagger (elec)
rCold   + . .      Faith    +   A - +0 kite shield
rNeg    + + .      Spirit   .   g - +4 ring mail "Ysola Voaf" {Str+4}
rPois   .          Reflect  .   (no helmet)
rElec   .          Harm     .   F - scarf {repulsion}
rCorr   .          Rampage  .   y - +1 pair of gloves {Stlth+}
Will    .....                   d - +0 pair of boots of Narupsets {rF+ rC+ Regen+ MP+9}
Stlth   ++++......              w - amulet "Ikinil" {Faith rF++ rN++ Str-5}
HPRegen 1.02/turn               Q - +4 ring of slaying
MPRegen 0.22/turn               c - +4 ring of evasion

@: mighty, lethally poisoned (0 -> -2), hasted, repel missiles, very quick
A: reduced essence, fangs 1, strong nose, distributed training
a: Renounce Religion, Recall Ancestor, Ancestor Identity, Transference, Idealise


You were on level 1 of the Lair of Beasts.
You worshipped Hepliaklqana.
Hepliaklqana was extremely pleased with you.
You visited 2 branches of the dungeon, and saw 10 of its levels.

You collected 577 gold pieces.
You spent 490 gold pieces at shops.

Inventory:

Hand Weapons
 a - a +2 hand axe of freezing
 b - a +4 dagger of electrocution (weapon)
   (You found it on level 1 of the Dungeon)
 k - the +2 short sword of Destiny {pain, rPois}
   (You found it on level 3 of the Dungeon)

   In the hands of one skilled in necromantic magic, it inflicts extra damage on
   living creatures.
   rPois:     It protects you from poison.
 n - a +0 vampiric spear
   (You found it on level 3 of the Dungeon)
 t - a +2 scimitar of flaming
   (You took it off Erica on level 8 of the Dungeon)
 C - a +1 hand axe of electrocution
   (You took it off an orc priest on level 9 of the Dungeon)
Missiles
 l - 18 poisoned darts
 q - 12 boomerangs
 s - 146 stones
 z - 6 throwing nets {!d}
 S - 3 curare-tipped darts
Armour
 d - the +0 pair of boots of Narupsets (worn) {rF+ rC+ Regen+ MP+9}
   (You acquired it on level 2 of the Dungeon)

   rF:        It protects you from fire.
   rC:        It protects you from cold.
   MP:        It affects your magic capacity (+9).
   Regen:     It increases your rate of health regeneration.
 f - a +0 cloak
 g - the +4 ring mail "Ysola Voaf" (worn) {Str+4}
   (You took it off an orc on level 3 of the Dungeon)

   Str:       It affects your strength (+4).
 v - a +4 scale mail
   (You took it off Terence on level 2 of the Dungeon)
 y - a +1 pair of gloves of stealth (worn)
   (You bought it in a shop on level 4 of the Dungeon)
 A - a +0 kite shield (worn)
   (You took it off a gnoll sergeant on level 7 of the Dungeon)
 F - a scarf of repulsion (worn)
   (You found it on level 7 of the Dungeon)
 G - a +2 chain mail of cold resistance
   (You took it off an orc warrior on level 8 of the Dungeon)
 T - a +1 kite shield of protection
   (You took it off a gnoll sergeant on level 9 of the Dungeon)
Magical Staves
 r - a staff of fire {rF+}
   (You found it on level 5 of the Dungeon)
Jewellery
 c - a +4 ring of evasion (right hand)
   (You found it on level 4 of the Dungeon)
 u - an amulet of the acrobat
   (You found it on level 4 of the Dungeon)
 w - the amulet "Ikinil" (around neck) {Faith rF++ rN++ Str-5}
   (You acquired it on level 4 of the Dungeon)

   [amulet of faith]

   It allows you to gain divine favour quickly.
   Str:       It affects your strength (-5).
   rF:        It greatly protects you from fire.
   rN:        It greatly protects you from negative energy.
 K - an amulet of regeneration
   (You found it on level 7 of the Dungeon)
 O - an amulet of reflection
   (You found it on level 9 of the Dungeon)
 P - a ring of poison resistance {rPois, !d}
   (You bought it in a shop on level 6 of the Dungeon)
 Q - a +4 ring of slaying (left hand)
   (You found it on level 2 of the Dungeon)
Wands
 e - a wand of charming (17)
   (You found it on level 3 of the Dungeon)
 h - a wand of acid (7)
   (You took it off Joseph on level 9 of the Dungeon)
 p - a wand of paralysis (6)
   (You found it on level 6 of the Dungeon)
Scrolls
 m - a scroll of torment {!r}
 o - 3 scrolls of enchant armour
 x - 3 scrolls of fog
 E - 2 scrolls of fear
 X - 2 scrolls of magic mapping {@r4!r}
 Y - 2 scrolls of teleportation {@r3}
Potions
 j - 3 potions of attraction {unknown}
 B - 2 potions of brilliance
 I - a potion of invisibility
 J - 5 potions of curing {@q1}
 L - a potion of flight
 M - a potion of might
 R - a potion of resistance
 U - 2 potions of lignification {!q}


   Skills:
 + Level 7.9 Fighting
 + Level 6.4 Short Blades
 + Level 6.4 Long Blades
 + Level 9.2 Axes
 + Level 6.4 Maces & Flails
 + Level 6.4 Polearms
 + Level 6.4 Staves
 + Level 6.4 Slings
 + Level 6.4 Bows
 + Level 6.4 Crossbows
 + Level 6.4 Throwing
 + Level 6.4 Armour
 + Level 7.9 Dodging
 + Level 6.4 Stealth
 + Level 6.4 Shields
 + Level 6.4 Unarmed Combat
 + Level 7.0 Spellcasting
 + Level 5.3 Conjurations
 + Level 5.3 Hexes
 + Level 6.6 Summonings
 + Level 5.3 Necromancy
 + Level 5.3 Translocations
 + Level 5.3 Transmutations
 + Level 5.3 Fire Magic
 + Level 5.3 Ice Magic
 + Level 5.3 Air Magic
 + Level 5.3 Earth Magic
 + Level 5.3 Poison Magic
 + Level 7.0 Invocations
 + Level 6.4 Evocations


You had 23 spell levels left.
You knew the following spells:

 Your Spells              Type           Power      Damage    Failure   Level
a - Summon Small Mammal   Summ           100%       N/A       6%          1

Your spell library contained the following spells:

 Spells                   Type           Power      Damage    Failure   Level
 Call Imp                 Summ           25%        N/A       9%          2
 Freeze                   Ice            84%        1d10      10%         1
 Magic Dart               Conj           84%        1d7       10%         1
 Scorch                   Fire           42%        2d7       16%         2
 Static Discharge         Conj/Air       21%        N/A       16%         2
 Summon Guardian Golem    Hex/Summ       23%        N/A       22%         3
 Frozen Ramparts          Ice            42%        1d6       30%         3
 Mephitic Cloud           Conj/Pois/Air  21%        N/A       30%         3
 Dispel Undead            Necr           21%        3d11      69%         4
 Flame Wave               Conj/Fire      21%        2d7       69%         4
 Hailstorm                Conj/Ice       21%        3d6       69%         4
 Sticky Flame             Conj/Fire      21%        2d4       69%         4
 Summon Cactus Giant      Summ           12%        N/A       100%        6


Dungeon Overview and Level Annotations

Branches:
Dungeon (9/15)             Temple (0/1) D:5            Lair (1/6) D:9
    Orc (0/2) D:9

Altars:
Cheibriados
Hepliaklqana

Shops:
D:4 [[[((   D:6 =

Portals:
Abyss: D:6

Annotations:
D:4 1 runed translucent door, chopper's ghost, amateur DECj
D:5 2 runed translucent doors, Darius099's ghost, novice GrFi; Edmund
D:6 2 transporters, Psyclone's ghost, amateur OpIE


Innate Abilities, Weirdness & Mutations

Your life essence is reduced to manifest your ancestor. (-10% HP)
You have very sharp teeth.
Your uncanny sense of smell can sniff out nearby items.
Your experience applies equally to all skills.


Message History

You feel sick. The cane toad completely misses you. You block the yak's attack.
The bullfrog closely misses you.
You take 1 damage, and have 54/77 hp.
You puncture the eight-headed hydra!
You feel sick. The cane toad misses you.
The eight-headed hydra barely misses you.
The eight-headed hydra bites you. The eight-headed hydra bites you!
The eight-headed hydra closely misses you.
You block the eight-headed hydra's attack.
The eight-headed hydra bites you but does no damage.
The eight-headed hydra bites you.
You block the eight-headed hydra's attack.
The bullfrog hits you but does no damage.
You take 18 damage, and have 36/77 hp.
MASSIVE DAMAGE!!
You puncture the eight-headed hydra! You bite the eight-headed hydra.
You feel sick. The yak gores you!
* * * LOW HITPOINT WARNING * * *
You block the yak's attack.
You take 14 damage, and have 22/77 hp.
Really read
D - a scroll of blinking {!r}?
Blink to where?
As you read the scroll of blinking {!r}, it crumbles to dust.
You feel sick.
Okay, then.
Okay, then.
The mass of ice explodes!
The iceblast engulfs the eight-headed hydra!!
The now-empty wand crumbles to dust.
You feel sick.
You take 1 damage, and have 21/77 hp.
Aim: an eight-headed hydra (severely wounded, chance to affect: 29%)
The eight-headed hydra easily resists.
You feel sick.
You take 1 damage, and have 20/77 hp.
Aim: an eight-headed hydra (severely wounded, chance to affect: 29%)
The eight-headed hydra suddenly stops moving!
You feel sick.
You feel sick.
You take 1 damage, and have 19/77 hp.
You feel sick.
You feel sick. The cane toad stings you.
* * * LOW HITPOINT WARNING * * *
You are more poisoned.
The cane toad poisons you!
You take 7 damage, and have 13/77 hp.
The helpless eight-headed hydra fails to defend itself.
You skewer the eight-headed hydra like a kebab!!!
You kill the eight-headed hydra!
You feel sick.
Your Spellcasting skill increases to level 7!
You take 1 damage, and have 12/77 hp.
* * * LOW HITPOINT WARNING * * *
You feel very sick.
You take 3 damage, and have 9/77 hp.
You feel much better.
You feel sick. The bullfrog barely misses you.
You block the cane toad's attack.
You regained 30 hp, and now have 39/77 hp.
You puncture the cane toad!
You feel sick.
The bullfrog hits you but does no damage.
You take 1 damage, and have 38/77 hp.
You barely miss the cane toad.
You feel sick. You block the cane toad's attack.
You block the bullfrog's attack.
You take 1 damage, and have 37/77 hp.
You barely miss the cane toad. You bite the cane toad!
You feel sick. The cane toad stings you.
You are more poisoned.
The cane toad poisons you! The bullfrog closely misses you.
You take 4 damage, and have 33/77 hp.
You hit the cane toad.
You kill the cane toad!
You feel sick.
Your Invocations skill increases to level 7!
You take 2 damage, and have 31/77 hp.
You puncture the bullfrog! You bite the bullfrog!
You kill the bullfrog!
You feel very sick.
You take 2 damage, and have 29/77 hp.
You puncture the yak!
You feel very sick. You block the yak's attack.
You take 3 damage, and have 26/77 hp.
You puncture the yak!
You feel very sick.
You take 2 damage, and have 24/77 hp.
You closely miss the yak.
You feel sick. The yak closely misses you. You block the yak's attack.
You take 2 damage, and have 22/77 hp.
You hit the yak. You bite the yak.
You feel sick. The yak gores you.
* * * LOW HITPOINT WARNING * * *
The yak misses you.
You take 7 damage, and have 15/77 hp.
You completely miss the yak.
You feel sick.
You take 1 damage, and have 14/77 hp.
You hit the yak. You bite the yak.
You kill the yak!
You feel sick. The yak gores you!
* * * LOW HITPOINT WARNING * * *
You take 12 damage, and have 2/77 hp.
* * * LOW HITPOINT WARNING * * *
You feel sick.
You take 1 damage, and have 1/77 hp.
You die...

..?P##.....#
$.........#
#....†...##
......##...##
..#.. ##†..#
...
##Y†#######
#P.
##...#...###
##
#.........##
###@.....#.#
##...##...##
#....#.....#
##........#
##.<...###
##....#
######


You could see a yak.

Vanquished Creatures
  Harold (D:9)
  A hydra (Lair:1)
  Erolcha (D:9)
  Erica (D:8)
  A two-headed ogre (D:9)
  Joseph (D:9)
  A cane toad (Lair:1)
  A troll (D:9)
  Sigmund (D:2)
  6 yaks
  A wyvern (D:9)
  Grum (D:8)
  A water moccasin (D:7)
  An orc warrior (D:8)
  4 black bears
  7 ogres
  2 centaurs (D:8)
  2 wolves (D:8)
  A phantom (D:5)
  A kobold brigand (D:9)
  4 bullfrogs
  3 gnoll sergeants
  A scorpion (D:4)
  8 killer bees
  A jelly (D:4)
  5 orc priests
  A gnoll shaman (D:8)
  3 hounds (D:5)
  Terence (D:2)
  3 iguanas
  5 orc wizards
  10 gnolls
  5 adders
  An ufetubus (D:6)
  2 worms (D:2)
  2 dart slugs
  38 orcs
  5 bats
  9 endoplasms
  4 giant cockroaches
  9 goblins
  2 hobgoblins
  7 kobolds
  2 quokkas
  10 ball pythons
  7 frilled lizards
  2 rats
186 creatures vanquished.

Vanquished Creatures (collateral kills)
  Prince Ribbit (D:9)
  2 yaks (D:9)
  A shadow (D:9)
  An orc warrior (D:9)
  An ogre (D:9)
  A centaur (D:9)
  2 wolves (D:8)
  A phantom (D:7)
  2 kobold brigands (D:9)
  A gnoll sergeant (D:9)
  A bullfrog (Lair:1)
  2 killer bees (D:9)
  2 orc wizards
  A gnoll (D:9)
  5 orcs
  A hobgoblin (D:2)
  2 kobolds (D:2)
  A goblin (D:1)
28 creatures vanquished.

Vanquished Creatures (others)
  A black bear (D:8)
  2 battlemagi
  4 ancestors
7 creatures vanquished.

Grand Total: 221 creatures vanquished

Notes
Turn   | Place    | Note
-------+----------+-------------------------------------------
     0 | D:1      | sokol815 the Gnoll Wanderer began the quest for the Orb.
     0 | D:1      | sokol815 set off with the following items: a +2 hand axe, a
                  | +0 cloak, a +0 robe, a potion of lignification {!q}; and
                  | the following spell memorised: Summon Small Mammal; and the
                  | following spells available to memorise: Summon Guardian
                  | Golem
     0 | D:1      | Reached XP level 1. HP: 20/20 MP: 4/4
    38 | D:1      | Reached XP level 2. HP: 26/26 MP: 5/5
   534 | D:1      | Found a faded altar of an unknown god.
   545 | D:1      | Prayed at the altar of an unknown god.
   545 | D:1      | Became a worshipper of Hepliaklqana the Forgotten
   545 | D:1      | Reached * piety under Hepliaklqana
   654 | D:1      | Reached XP level 3. HP: 24/27 MP: 7/7
  1084 | D:2      | Reached skill level 1 in Invocations
  1150 | D:2      | Noticed Sigmund
  1156 | D:2      | HP: 2/27 [Sigmund/+1 scythe of venom (8)]
  1410 | D:2      | Noticed Terence
  1421 | D:2      | Killed Terence
  1422 | D:2      | Reached skill level 1 in Short Blades
  1422 | D:2      | Reached skill level 1 in Long Blades
  1422 | D:2      | Reached skill level 1 in Maces & Flails
  1422 | D:2      | Reached skill level 1 in Polearms
  1422 | D:2      | Reached skill level 1 in Staves
  1422 | D:2      | Reached skill level 1 in Slings
  1422 | D:2      | Reached skill level 1 in Bows
  1422 | D:2      | Reached skill level 1 in Crossbows
  1422 | D:2      | Reached skill level 1 in Throwing
  1422 | D:2      | Reached skill level 1 in Armour
  1422 | D:2      | Reached skill level 1 in Stealth
  1422 | D:2      | Reached skill level 1 in Shields
  1422 | D:2      | Reached skill level 1 in Unarmed Combat
  1422 | D:2      | Reached skill level 1 in Evocations
  1422 | D:2      | Reached XP level 4. HP: 29/34 MP: 8/8
  1427 | D:2      | Reached skill level 3 in Spellcasting
  1780 | D:2      | Identified a scroll of acquirement
  1780 | D:2      | Acquired the +0 pair of boots of Narupsets {rF+ rC+ Regen+
                  | MP+9}
  1955 | D:2      | Reached skill level 1 in Conjurations
  1955 | D:2      | Reached skill level 1 in Hexes
  1955 | D:2      | Reached skill level 1 in Necromancy
  1955 | D:2      | Reached skill level 1 in Translocations
  1955 | D:2      | Reached skill level 1 in Transmutations
  1955 | D:2      | Reached skill level 1 in Fire Magic
  1955 | D:2      | Reached skill level 1 in Ice Magic
  1955 | D:2      | Reached skill level 1 in Air Magic
  1955 | D:2      | Reached skill level 1 in Earth Magic
  1955 | D:2      | Reached skill level 1 in Poison Magic
  2012 | D:2      | Killed Sigmund
  2013 | D:2      | Reached skill level 4 in Summonings
  2013 | D:2      | Reached skill level 2 in Invocations
  2013 | D:2      | Reached XP level 5. HP: 34/38 MP: 10/10
  2013 | D:2      | Reached XP level 6. HP: 41/45 MP: 11/11
  2313 | D:3      | Identified the +4 ring mail "Ysola Voaf" {Str+4}
  2485 | D:3      | Reached ** piety under Hepliaklqana
  2499 | D:3      | Identified the +2 short sword of Destiny {pain, rPois}
  2828 | D:3      | Reached skill level 5 in Fighting
  2828 | D:3      | Reached skill level 2 in Short Blades
  2828 | D:3      | Reached skill level 2 in Long Blades
  2828 | D:3      | Reached skill level 2 in Maces & Flails
  2828 | D:3      | Reached skill level 2 in Polearms
  2828 | D:3      | Reached skill level 2 in Staves
  2828 | D:3      | Reached skill level 2 in Slings
  2828 | D:3      | Reached skill level 2 in Bows
  2828 | D:3      | Reached skill level 2 in Crossbows
  2828 | D:3      | Reached skill level 2 in Throwing
  2828 | D:3      | Reached skill level 2 in Armour
  2828 | D:3      | Reached skill level 5 in Dodging
  2828 | D:3      | Reached skill level 2 in Stealth
  2828 | D:3      | Reached skill level 2 in Shields
  2828 | D:3      | Reached skill level 2 in Unarmed Combat
  2828 | D:3      | Reached skill level 2 in Evocations
  2940 | D:4      | Found Aloor's Armour Shoppe.
  2967 | D:4      | Found Tase's Antique Armour Emporium.
  2969 | D:4      | Found Udghym's Antique Weapon Emporium.
  3026 | D:4      | Found Qiolice's Armour Boutique.
  3046 | D:4      | Found a runed translucent door.
  3047 | D:4      | Noticed chopper's ghost (amateur DECj)
  3059 | D:4      | Found Depimock's Antique Weapon Emporium.
  3062 | D:4      | Found a runed translucent door.
  3116 | D:4      | Acquired the amulet "Ikinil" {Faith rF++ rN++ Str-5}
  3181 | D:4      | You fall into a shaft and drop 2 floors!
  3196 | D:6      | Reached XP level 7. HP: 50/50 MP: 12/12
  3227 | D:6      | Reached skill level 7 in Axes
  3253 | D:6      | Found Dimomn's Jewellery Shoppe.
  3295 | D:6      | Reached skill level 2 in Conjurations
  3295 | D:6      | Reached skill level 2 in Hexes
  3295 | D:6      | Reached skill level 2 in Necromancy
  3295 | D:6      | Reached skill level 2 in Translocations
  3295 | D:6      | Reached skill level 2 in Transmutations
  3295 | D:6      | Reached skill level 2 in Fire Magic
  3295 | D:6      | Reached skill level 2 in Ice Magic
  3295 | D:6      | Reached skill level 2 in Air Magic
  3295 | D:6      | Reached skill level 2 in Earth Magic
  3295 | D:6      | Reached skill level 2 in Poison Magic
  3396 | D:6      | Found a transporter.
  3402 | D:6      | Found a one-way gate to the infinite horrors of the Abyss.
  3402 | D:6      | Noticed Psyclone's ghost (amateur OpIE)
  3403 | D:6      | Noticed an ice devil
  3467 | D:6      | Found a transporter.
  3538 | D:6      | Reached *** piety under Hepliaklqana
  3643 | D:5      | Entered Level 5 of the Dungeon
  3653 | D:5      | Reached skill level 4 in Spellcasting
  3653 | D:5      | Reached skill level 3 in Invocations
  3664 | D:5      | Reached XP level 8. HP: 43/56 MP: 14/14
  3710 | D:5      | Reached skill level 3 in Short Blades
  3710 | D:5      | Reached skill level 3 in Long Blades
  3710 | D:5      | Reached skill level 3 in Maces & Flails
  3710 | D:5      | Reached skill level 3 in Polearms
  3710 | D:5      | Reached skill level 3 in Staves
  3710 | D:5      | Reached skill level 3 in Slings
  3710 | D:5      | Reached skill level 3 in Bows
  3710 | D:5      | Reached skill level 3 in Crossbows
  3710 | D:5      | Reached skill level 3 in Throwing
  3710 | D:5      | Reached skill level 3 in Armour
  3710 | D:5      | Reached skill level 3 in Stealth
  3710 | D:5      | Reached skill level 3 in Shields
  3710 | D:5      | Reached skill level 3 in Unarmed Combat
  3710 | D:5      | Reached skill level 3 in Evocations
  3837 | D:4      | Bought a pair of glowing gloves for 210 gold pieces
  4145 | D:5      | Found a staircase to the Ecumenical Temple.
  4208 | D:5      | Noticed Edmund
  4254 | D:5      | Found a large runed translucent door.
  4255 | D:5      | Found a large runed translucent door.
  4259 | D:5      | Noticed Darius099's ghost (novice GrFi)
  4742 | D:7      | Reached skill level 4 in Invocations
  4813 | D:7      | Reached skill level 6 in Fighting
  4813 | D:7      | Reached skill level 6 in Dodging
  4813 | D:7      | Reached skill level 3 in Conjurations
  4813 | D:7      | Reached skill level 3 in Hexes
  4813 | D:7      | Reached skill level 3 in Necromancy
  4813 | D:7      | Reached skill level 3 in Translocations
  4813 | D:7      | Reached skill level 3 in Transmutations
  4813 | D:7      | Reached skill level 3 in Fire Magic
  4813 | D:7      | Reached skill level 3 in Ice Magic
  4813 | D:7      | Reached skill level 3 in Air Magic
  4813 | D:7      | Reached skill level 3 in Earth Magic
  4813 | D:7      | Reached skill level 3 in Poison Magic
  4905 | D:7      | Reached skill level 5 in Summonings
  4905 | D:7      | Reached XP level 9. HP: 61/62 MP: 16/16
  4937 | D:7      | Reached **** piety under Hepliaklqana
  5148 | D:7      | Reached skill level 4 in Short Blades
  5148 | D:7      | Reached skill level 4 in Long Blades
  5148 | D:7      | Reached skill level 4 in Maces & Flails
  5148 | D:7      | Reached skill level 4 in Polearms
  5148 | D:7      | Reached skill level 4 in Staves
  5148 | D:7      | Reached skill level 4 in Slings
  5148 | D:7      | Reached skill level 4 in Bows
  5148 | D:7      | Reached skill level 4 in Crossbows
  5148 | D:7      | Reached skill level 4 in Throwing
  5148 | D:7      | Reached skill level 4 in Armour
  5148 | D:7      | Reached skill level 4 in Stealth
  5148 | D:7      | Reached skill level 4 in Shields
  5148 | D:7      | Reached skill level 4 in Unarmed Combat
  5148 | D:7      | Reached skill level 4 in Evocations
  5151 | D:7      | Reached skill level 5 in Spellcasting
  5506 | D:8      | Noticed Grum
  5936 | D:8      | Noticed Erica
  5949 | D:8      | Killed Erica
  5950 | D:8      | Reached skill level 8 in Axes
  5950 | D:8      | Reached skill level 5 in Invocations
  6197 | D:8      | Reached skill level 4 in Conjurations
  6197 | D:8      | Reached skill level 4 in Hexes
  6197 | D:8      | Reached skill level 4 in Necromancy
  6197 | D:8      | Reached skill level 4 in Translocations
  6197 | D:8      | Reached skill level 4 in Transmutations
  6197 | D:8      | Reached skill level 4 in Fire Magic
  6197 | D:8      | Reached skill level 4 in Ice Magic
  6197 | D:8      | Reached skill level 4 in Air Magic
  6197 | D:8      | Reached skill level 4 in Earth Magic
  6197 | D:8      | Reached skill level 4 in Poison Magic
  6197 | D:8      | Reached XP level 10. HP: 69/69 MP: 18/18
  6205 | D:8      | Killed Grum
  6325 | D:9      | Reached skill level 5 in Short Blades
  6325 | D:9      | Reached skill level 5 in Long Blades
  6325 | D:9      | Reached skill level 5 in Maces & Flails
  6325 | D:9      | Reached skill level 5 in Polearms
  6325 | D:9      | Reached skill level 5 in Staves
  6325 | D:9      | Reached skill level 5 in Slings
  6325 | D:9      | Reached skill level 5 in Bows
  6325 | D:9      | Reached skill level 5 in Crossbows
  6325 | D:9      | Reached skill level 5 in Throwing
  6325 | D:9      | Reached skill level 5 in Armour
  6325 | D:9      | Reached skill level 5 in Stealth
  6325 | D:9      | Reached skill level 5 in Shields
  6325 | D:9      | Reached skill level 5 in Unarmed Combat
  6325 | D:9      | Reached skill level 5 in Evocations
  6445 | D:9      | Found a snail-covered altar of Cheibriados.
  6457 | D:9      | Reached ***** piety under Hepliaklqana
  6458 | D:9      | Remembered your ancestor Wilfreda as a battlemage
  6591 | D:9      | Noticed a two-headed ogre
  6592 | D:9      | Noticed Harold
  6598 | D:9      | Killed a two-headed ogre
  6599 | D:9      | Reached skill level 7 in Fighting
  6599 | D:9      | Reached skill level 7 in Dodging
  6599 | D:9      | Reached skill level 6 in Spellcasting
  6609 | D:9      | Killed Harold
  6610 | D:9      | Reached skill level 6 in Summonings
  6610 | D:9      | Reached skill level 6 in Invocations
  6666 | D:9      | Noticed Prince Ribbit
  6693 | D:9      | Killed Prince Ribbit
  6694 | D:9      | Reached XP level 11. HP: 48/75 MP: 20/20
  6714 | D:9      | Noticed Erolcha
  6720 | D:9      | Killed Erolcha
  6721 | D:9      | Reached skill level 6 in Short Blades
  6721 | D:9      | Reached skill level 6 in Long Blades
  6721 | D:9      | Reached skill level 9 in Axes
  6721 | D:9      | Reached skill level 6 in Maces & Flails
  6721 | D:9      | Reached skill level 6 in Polearms
  6721 | D:9      | Reached skill level 6 in Staves
  6721 | D:9      | Reached skill level 6 in Slings
  6721 | D:9      | Reached skill level 6 in Bows
  6721 | D:9      | Reached skill level 6 in Crossbows
  6721 | D:9      | Reached skill level 6 in Throwing
  6721 | D:9      | Reached skill level 6 in Armour
  6721 | D:9      | Reached skill level 6 in Stealth
  6721 | D:9      | Reached skill level 6 in Shields
  6721 | D:9      | Reached skill level 6 in Unarmed Combat
  6721 | D:9      | Reached skill level 6 in Evocations
  6896 | D:9      | Noticed Joseph
  6903 | D:9      | Killed Joseph
  6904 | D:9      | Reached skill level 5 in Conjurations
  6904 | D:9      | Reached skill level 5 in Hexes
  6904 | D:9      | Reached skill level 5 in Necromancy
  6904 | D:9      | Reached skill level 5 in Translocations
  6904 | D:9      | Reached skill level 5 in Transmutations
  6904 | D:9      | Reached skill level 5 in Fire Magic
  6904 | D:9      | Reached skill level 5 in Ice Magic
  6904 | D:9      | Reached skill level 5 in Air Magic
  6904 | D:9      | Reached skill level 5 in Earth Magic
  6904 | D:9      | Reached skill level 5 in Poison Magic
  6937 | D:9      | Found a staircase to the Lair.
  6985 | D:9      | Found a staircase to the Orcish Mines.
  7365 | D:6      | Bought a ring of poison resistance for 280 gold pieces
  7457 | Lair:1   | Entered Level 1 of the Lair of Beasts
  7472 | Lair:1   | Noticed an eight-headed hydra
  7487 | Lair:1   | HP: 19/77 [poisoned by a cane toad]
  7491 | Lair:1   | Killed an eight-headed hydra
  7492 | Lair:1   | Reached skill level 7 in Spellcasting
  7492 | Lair:1   | HP: 9/77 [poisoned by a cane toad]
  7498 | Lair:1   | Reached skill level 7 in Invocations
  7502 | Lair:1   | HP: 15/77 [yak (6)]
  7504 | Lair:1   | HP: 2/77 [yak (11)]
  7506 | Lair:1   | Succumbed to a cane toad's poison

Illustrated notes

Levels and vault maps discovered:
D:1:      sevenhm_arrival_forest_fort_small_5, layout_rooms,
          shapermc_ecumenical_altar_mp_highgroup, minmay_crystal_water
D:2:      layout_loops_ring, minmay_tree_intersection, uniq_terence,
          uniq_sigmund
D:3:      layout_basic
D:4:      layout_cave_pools, serial_shops, nicolae_shop_trees, shop_fountains,
          nicolae_diamond_shop, shop, nicolae_shop_waterfront,
          ebering_ghost_sewer_f
D:5:      layout_cave_pools, temple_green, ebering_ghost_disaster_area,
          uniq_edmund
D:6:      layout_loops_ring, serial_shops, shop, gammafunk_ghost_abyssal_escape,
          grunt_ministairs_7
D:7:      layout_loops_ring, grunt_decor_clamped, minivault_19
D:8:      layout_loops_ring, uniq_grum, uniq_erica
D:9:      layout_basic, cheibriados_altar_1, lair_entry_dummy,
          kennysheep_orc_monster_closet_entryway, uniq_erolcha, uniq_joseph,
          uniq_prince_ribbit1, uniq_harold
Lair:1:   layout_concentric_octagons, lemuel_oklob_altar

Skill      XL: |  1  2  3  4  5  6  7  8  9 10 11 |
---------------+----------------------------------+-----
Invocations    | 1 2 3 4 5 6 7 |  7.0
Short Blades   | 1 2 3 4 5 6 |  6.4
Long Blades    | 1 2 3 4 5 6 |  6.4
Maces & Flails | 1 2 3 4 5 6 |  6.4
Polearms       | 1 2 3 4 5 6 |  6.4
Staves         | 1 2 3 4 5 6 |  6.4
Slings         | 1 2 3 4 5 6 |  6.4
Bows           | 1 2 3 4 5 6 |  6.4
Crossbows      | 1 2 3 4 5 6 |  6.4
Throwing       | 1 2 3 4 5 6 |  6.4
Armour         | 1 2 3 4 5 6 |  6.4
Stealth        | 1 2 3 4 5 6 |  6.4
Shields        | 1 2 3 4 5 6 |  6.4
Unarmed Combat | 1 2 3 4 5 6 |  6.4
Evocations     | 1 2 3 4 5 6 |  6.4
Spellcasting   | 3 4 5 6 7 |  7.0
Conjurations   | 1 2 3 4 5 |  5.3
Hexes          | 1 2 3 4 5 |  5.3
Necromancy     | 1 2 3 4 5 |  5.3
Translocations | 1 2 3 4 5 |  5.3
Transmutations | 1 2 3 4 5 |  5.3
Fire Magic     | 1 2 3 4 5 |  5.3
Ice Magic      | 1 2 3 4 5 |  5.3
Air Magic      | 1 2 3 4 5 |  5.3
Earth Magic    | 1 2 3 4 5 |  5.3
Poison Magic   | 1 2 3 4 5 |  5.3
Summonings     | 4 5 6 |  6.6
Fighting       | 5 6 7 |  7.9
Dodging        | 5 6 7 |  7.9
Axes           | 7 8 9 |  9.2

Action                   |  1- 3 |  4- 6 |  7- 9 | 10-12 || total
-------------------------+-------+-------+-------+-------++-------
Melee: Hand axe          |    14 |       |       |       ||    14
       Punch             |     3 |     3 |     4 |       ||    10
       Dagger            |    72 |   110 |   261 |   197 ||   640
       Bite              |     8 |     9 |    36 |    23 ||    76
Throw: Stone             |     3 |       |       |       ||     3
 Cast: Summon Small Mamm |       |       |       |     2 ||     2
Invok: Recall Ancestor   |     1 |       |     2 |       ||     3
       Ancestor Life: Ba |       |       |       |     1 ||     1
Evoke: Wand              |       |       |       |     3 ||     3
  Use: Potion            |     1 |       |       |     3 ||     4
       Scroll            |       |    11 |     8 |     7 ||    26
 Stab: Distracted        |       |       |     1 |     3 ||     4
       Sleeping          |       |       |     1 |     3 ||     4
       Paralysed         |       |       |       |     1 ||     1
Armor: Robe              |    11 |       |       |       ||    11
       Scale mail        |    30 |    18 |       |       ||    48
       Ring mail         |       |    16 |    84 |    34 ||   134
Dodge: Dodged            |    51 |    47 |   179 |    85 ||   362
       Repelled          |       |       |     2 |     1 ||     3
Block: Kite shield       |       |       |    83 |    84 ||   167

Table legend: (Time is in decaauts)
 A = Elapsed time spent in this place.
 B = Non-inter-level travel time spent in this place.
 C = Inter-level travel time spent in this place.
 D = Time resting spent in this place.
 E = Time spent auto-exploring this place.
 F = Levels seen in this place.
 G = Mean time per level.
                   A        B        C        D        E       F      G
               +--------+--------+--------+--------+--------+-----+--------+
         Total |   7454 |   7054 |    400 |    691 |   4876 |  10 |  745.4 |
       Dungeon |   7417 |   7018 |    399 |    691 |   4872 |   9 |  824.1 |
          Lair |     36 |     36 |      0 |      0 |      4 |   1 |   36.0 |
               +--------+--------+--------+--------+--------+-----+--------+

Top non-repeatable levels by time:
     D:2: 1243 daAuts
     D:1: 967 daAuts
     D:8: 904 daAuts
     D:7: 877 daAuts
     D:9: 873 daAuts
     D:6: 744 daAuts
     D:3: 699 daAuts
     D:4: 597 daAuts
     D:5: 510 daAuts
  Lair:1: 36 daAuts

Table legend:
 A = Kills in this place as a percentage of kills in entire the game.
 B = Kills by you in this place as a percentage of kills by you in the entire game.
 C = Kills by friends in this place as a percentage of kills by friends in the entire game.
 D = Other kills in this place as a percentage of other kills in the entire game.
 E = Experience gained in this place as a percentage of experience gained in the entire game.
 F = Experience gained in this place divided by the number of levels of this place that you have seen.
                   A       B       C       D       E      F
               +-------+-------+-------+-------+-------+----------------------
         Total | 100.0 | 100.0 | 100.0 | 100.0 | 100.0 | 1421.2
       Dungeon |  97.2 |  97.3 |  96.4 | 100.0 |  86.9 | 1372.2
          Lair |   2.8 |   2.7 |   3.6 |   0.0 |  13.1 | 1862.0
               +-------+-------+-------+-------+-------+----------------------
